 Dungeon Crawl Stone Soup version 0.17.0-23-g0de4337 (webtiles) character file.

46 imganon the Poker (level 3, -1/29 HPs)
             Began as a Demonspawn Chaos Knight on Nov 14, 2015.
             Slain by Grinder (2 damage)
             ... on level 3 of the Dungeon.
             The game lasted 00:02:43 (1141 turns).

imganon the Poker (Demonspawn Chaos Knight)         Turns: 1141, Time: 00:02:44

Health: -1/29      AC:  9    Str: 18      XL:     3   Next: 46%
Magic:  3/3        EV:  9    Int: 13      God:    Xom [...*..]
Gold:   105        SH:  2    Dex:  9 (12) Spells: 0 memorised, 2 levels left

rFire  . . .     SeeInvis .     a - +0 spear (chaos)
rCold  . . .     Clarity  .     g - +0 scale mail
rNeg   . . .     SustAt   .     (no shield)
rPois  .         Gourm    .     j - +0 helmet
rElec  .         Spirit   .     (no cloak)
rCorr  .         Warding  .     (no gloves)
rMut   .         Stasis   .     (no boots)
MR     .....                    (no amulet)
Stlth  ..........               (no ring)
                                (no ring)

@: mighty, not resistant to hostile enchantments, extremely unstealthy
A: large bone plates 1
a: Renounce Religion


You were on level 3 of the Dungeon.
You worshipped Xom.
You were a favourite toy of Xom.
You were hungry.

You visited 1 branch of the dungeon, and saw 3 of its levels.

You collected 105 gold pieces.

Inventory:

Hand Weapons
 a - a +0 spear of chaos (weapon)
Armour
 g - a +0 scale mail (worn)
 j - a +0 helmet (worn)
Jewellery
 h - an uncursed ring of ice
Scrolls
 b - a scroll of remove curse {unknown}
 d - 2 scrolls of amnesia {unknown}
 e - a scroll of identify {unknown}
 i - a scroll of fog {unknown}
 k - a scroll of immolation {unknown}
 l - 2 scrolls of teleportation {unknown}
Comestibles
 c - 2 bread rations
 f - 3 meat rations


   Skills:
 - Level 3.0 Fighting
 + Level 4.1 Polearms
 - Level 1.7 Armour
 - Level 0.8 Dodging


You had 2 spell levels left.
You didn't know any spells.

Dungeon Overview and Level Annotations

Branches:
Dungeon (3/15)

Altars:

Annotations:
D:3 Grinder


Innate Abilities, Weirdness & Mutations

You are partially covered in large bone plates (AC +2, SH +2).


Message History

Grinder is moderately wounded.
Grinder hits you.
You writhe in agony.
You puncture Grinder!
Grinder is heavily wounded.
Grinder closely misses you.
You barely miss Grinder.
Grinder is heavily wounded.
Grinder hits you!
* * * LOW HITPOINT WARNING * * *
You writhe in agony.
* * * LOW HITPOINT WARNING * * *
Unknown command.
Drink which item? (? for menu, Esc to quit)
It was a potion of degeneration.
There was something very wrong with that liquid.
You feel clumsy.
Xom thinks this is hilarious!
You feel a bit more experienced. Grinder hits you.
You die...
Xom chuckles heartily!

##... ..... #.....
....###. ........
#.######...#....
#..5@.<)#.......
(.......##.........
..#####.###.#.....
#.# #$).....# #.#
###..##.# #.# ...#
..# .... .## ..###
.#


You could see Grinder.

Vanquished Creatures
  An ooze (D:2)
  3 giant geckos
  An orc (D:3)
  5 bats
  2 giant cockroaches (D:2)
  2 goblins (D:2)
  3 hobgoblins
  6 jackals
  A kobold (D:1)
  4 giant newts
  A quokka (D:2)
  5 rats
34 creatures vanquished.

Vanquished Creatures (collateral kills)
  3 orcs (D:3)
  A bat (D:3)
4 creatures vanquished.

Grand Total: 38 creatures vanquished

Notes
Turn   | Place    | Note
--------------------------------------------------------------
     0 | D:1      | imganon the Demonspawn Chaos Knight began the quest for the Orb.
     0 | D:1      | Reached XP level 1. HP: 18/18 MP: 1/1
    22 | D:1      | XOM: harmless Air miscast
   259 | D:1      | Gained mutation: You are partially covered in large bone plates (AC +2, SH +2). [demonic ancestry]
   259 | D:1      | Reached XP level 2. HP: 22/24 MP: 2/2
   498 | D:2      | XOM: confusion (+ monsters)
   587 | D:2      | XOM: harmless Necr miscast
   704 | D:2      | XOM: summons 3 hostile shadow creatures
   940 | D:2      | XOM: harmless Fire miscast
   942 | D:2      | XOM: harmless Conj miscast
   948 | D:2      | Reached XP level 3. HP: 29/29 MP: 3/3
  1027 | D:2      | XOM: noise
  1120 | D:3      | Reached skill level 4 in Polearms
  1127 | D:3      | Noticed Grinder
  1129 | D:3      | XOM: potion effect (might)
  1129 | D:3      | Paralysed by Grinder for 4 turns
  1140 | D:3      | HP: 1/29 [Grinder (3)]
  1141 | D:3      | Slain by Grinder

Action                   || total
-------------------------++-------
Melee: Spear             ||   137
  Use: Potion            ||     1
 Stab: Confused          ||     2
       Paralysed         ||     1
